 Dungeon Crawl Stone Soup version 0.24.0-41-g2ae2f7f1be (webtiles) character file.

Game seed: 2855766017982408261, levelgen mode: deterministic

57 Gwanngwann the Grave Robber (level 4, 0/32 (33) HPs)
             Began as a Ghoul Necromancer on Dec 13, 2019.
             Slain by Grinder (8 damage)
             ... on level 3 of the Dungeon.
             The game lasted 00:17:57 (2481 turns).

Gwanngwann the Grave Robber (Ghoul Necromancer)     Turns: 2481, Time: 00:17:57

HP:   0/32 (33)     AC:  7    Str: 11    XL:     4   Next: 0%
MP:   6/6           EV:  9    Int: 10    God:
Gold: 94            SH:  0    Dex: 10    Spells: 6/7 levels left

rFire    . . .     SeeInvis .   u - -2 rapier (curse)
rCold    + . .     Gourm    .   (no shield)
rNeg     + + +     Faith    .   m - +0 scale mail
rPois    ∞         Spirit   .   (no helmet)
rElec    .         Reflect  .   (no cloak)
rCorr    .         Harm     .   (no gloves)
MR       .....                  e - +0 pair of boots
Stlth    +.........             (no amulet)
HPRegen  0.00/turn              t - ring of flight
MPRegen  0.10/turn              x - ring of stealth

@: rotting
A: rotting body, claws 1, carnivore, cold resistance 1, negative energy
resistance 3, inhibited regeneration, torment resistance, unbreathing
a: Evoke Flight


You were on level 3 of the Dungeon.
You were not hungry.

You visited 1 branch of the dungeon, and saw 3 of its levels.

You collected 94 gold pieces.

Inventory:

Hand Weapons
 k - a +0 dagger
 u - a cursed -2 rapier (weapon)
Missiles
 b - 34 bolts
 d - 63 stones (quivered)
 i - 3 curare-tipped darts
 v - 6 poisoned darts
 w - 20 arrows
Armour
 a - a +0 robe
 e - a +0 pair of boots (worn)
 f - a +0 ring mail
 m - a +0 scale mail (worn)
 q - a +0 leather armour
 r - a +0 leather armour
 s - a +0 chain mail
Jewellery
 t - a ring of flight (left claw)
 x - a ring of stealth (right claw)
Scrolls
 p - 2 scrolls of amnesia
Potions
 h - a potion of haste {unknown}
 j - 2 potions of heal wounds
 n - 2 potions of brilliance
 o - a potion of degeneration {unknown}
Comestibles
 c - 6 rations
 g - a chunk of flesh


   Skills:
 + Level 1.0 Short Blades
 + Level 0.1 Armour
 + Level 2.2 Dodging
 + Level 2.3 Stealth
 + Level 1.1 Unarmed Combat
 + Level 2.0 Spellcasting
 + Level 4.5 Necromancy


You had 6 spell levels left.
You knew the following spells:

 Your Spells              Type           Power        Failure   Level  Hunger
a - Pain                  Necr           ##..         30%         1    ##.....

Your spell library contained the following spells:

 Spells                   Type           Power        Failure   Level  Hunger
 Animate Skeleton         Necr           N/A          30%         1    ##.....
 Vampiric Draining        Necr           ##........   67%         3    ####...
 Regeneration             Chrm/Necr      #.........   93%         3    ####...
 Animate Dead             Necr           N/A          97%         4    #####..


Dungeon Overview and Level Annotations

Branches:
Dungeon (3/15)

Altars:
Elyvilon

Annotations:
D:3 Grinder


Innate Abilities, Weirdness & Mutations

Your body is rotting away.
You thrive on raw meat.
You are immune to poison.
You have sharp fingernails.
You are carnivorous and can eat meat at any time.
Your flesh is cold resistant. (rC+)
You are immune to negative energy. (rN+++)
You do not regenerate when monsters are visible.
You are immune to unholy pain and torment.
You can survive without breathing.


Message History

Grinder is lightly wounded.
Grinder hits you but does no damage.
You hit Grinder.
Grinder is lightly wounded.
Grinder hits you!
* * * LOW HITPOINT WARNING * * *
Casting: Pain (safe; 30% risk of failure)
Confirm with . or Enter, or press ? or * to list all spells.
You can't see any susceptible monsters within range! (Use Z to cast anyway.)
Your scale mail prevents you from hitting Grinder.
Grinder is lightly wounded.
Grinder closely misses you.
You hit Grinder but do no damage.
Grinder is lightly wounded.
Grinder barely misses you.
You barely miss Grinder.
Grinder is lightly wounded.
Grinder grins, showing sharp teeth.
Grinder barely misses you. Grinder hits you!
You die...

#.# #.# #.# #.#
##########.###
##............#
#.............#
#..5..........#
#.)@.######+###
#....# #....>.
#.....##
#.$....
#....### #....#
#....#


You could see Grinder.

Vanquished Creatures
  An adder (D:2)
  A worm (D:2)
  A dart slug (D:1)
  A leopard gecko (D:2)
  A ball python (D:2)
  9 bats
  5 goblins
  4 hobgoblins
  6 jackals
  3 frilled lizards
  5 kobolds
  2 rats
39 creatures vanquished.

Notes
Turn   | Place    | Note
-------+----------+-------------------------------------------
     0 | D:1      | Gwanngwann the Ghoul Necromancer began the quest for the
                  | Orb.
     0 | D:1      | Reached XP level 1. HP: 14/14 MP: 2/2
   188 | D:1      | Reached XP level 2. HP: 16/19 MP: 3/3
   577 | D:1      | Reached XP level 3. HP: 16/25 MP: 1/4
  1377 | D:2      | Reached skill level 1 in Unarmed Combat
  1433 | D:2      | Found a white marble altar of Elyvilon.
  2152 | D:2      | Reached skill level 1 in Short Blades
  2447 | D:3      | Reached XP level 4. HP: 33/33 MP: 4/6
  2467 | D:3      | Noticed Grinder
  2473 | D:3      | Paralysed by Grinder for 3 turns
  2481 | D:3      | Slain by Grinder

Levels and vault maps discovered:
D:1:      dpeg_arrival_oval, layout_loops_corners, minmay_misc_feat_plants,
          chequers_serial_rivers_room_b, grunt_decor_arrowhead, st_stairs_2,
          minmay_misc_feat_tower
D:2:      layout_loops_corners, old_standard_altar
D:3:      layout_basic, lemuel_doored_altar, first_ration, uniq_natasha,
          uniq_grinder

Skill      XL: |  1  2  3 |
---------------+----------+-----
Dodging        | 2 |  2.2
Spellcasting   | 2 |  2.0
Unarmed Combat | 1 |  1.1
Short Blades   | 1 |  1.0
Armour         | |  0.1
Stealth        | |  2.3
Necromancy     | |  4.5

Action                   |  1- 3 |  4- 6 || total
-------------------------+-------+-------++-------
Melee: Unarmed           |    26 |       ||    26
       Dagger            |    69 |       ||    69
       Rapier            |    58 |     9 ||    67
       Punch             |     1 |       ||     1
Throw: Stone             |     2 |       ||     2
 Cast: Pain              |    19 |     1 ||    20
  Use: Scroll            |     8 |     1 ||     9
 Stab: Sleeping          |     2 |       ||     2
  Eat: Chunk             |     6 |       ||     6
Armor: Robe              |    28 |       ||    28
       Scale mail        |    59 |     1 ||    60
       Ring mail         |    10 |       ||    10
Dodge: Dodged            |   109 |     5 ||   114
